 Dungeon Crawl Stone Soup version 0.28-a0-794-gafe8c5f9e9 (webtiles) character file.

Game seed: 9995739394597069791

109 bande the Covered (level 4, -3/29 HPs)
             Began as a Gargoyle Fighter on Nov 5, 2021.
             Slain by an orc (4 damage)
             ... on level 3 of the Dungeon.
             The game lasted 00:04:06 (2074 turns).

bande the Covered (Gargoyle Fighter)                Turns: 2074, Time: 00:04:07

Health: -3/29      AC: 13    Str: 21    XL:     4   Next: 90%
Magic:  4/4        EV:  7    Int:  8    God:
Gold:   62         SH:  5    Dex:  9    Spells: 3/3 levels left

rFire   . . .      SeeInvis .   a - +1 war axe
rCold   . . .      Faith    .   c - +1 buckler
rNeg    + . .      Spirit   .   j - +0 chain mail
rPois   ∞          Reflect  .   (no helmet)
rElec   +          Harm     .   (no cloak)
rCorr   .          Rampage  .   (no gloves)
Will    .....                   (no boots)
Stlth   ..........              (no amulet)
HPRegen 0.09/turn               (no ring)
MPRegen 0.09/turn               (no ring)

@: mighty
A: sickness immunity, AC +3, negative energy resistance 1, electricity
resistance, torment resistance 1, petrification resistance
a: no special abilities


You were on level 3 of the Dungeon.
You visited 1 branch of the dungeon, and saw 3 of its levels.

You collected 62 gold pieces.

Inventory:

Hand Weapons
 a - a +1 war axe (weapon)
Armour
 c - a +1 buckler (worn)
 j - a +0 chain mail (worn)
Scrolls
 e - a scroll of blinking
 g - a scroll of teleportation
 h - a scroll of enchant armour
Potions
 d - 2 potions of might
 f - a potion of invisibility


   Skills:
 + Level 3.8 Fighting
 + Level 3.5 Axes
 + Level 3.9 Armour
 + Level 3.6 Shields


You had 3 spell levels left.
You didn't know any spells.
Your spell library was empty.

Dungeon Overview and Level Annotations

Branches:
Dungeon (3/15)

Altars:

Shops:
D:1 *

Annotations:
D:3 Sigmund


Innate Abilities, Weirdness & Mutations

You are immune to sickness and miasma.
Your stone body is resilient. (AC +3)
You are immune to poison.
You resist negative energy. (rN+)
You are resistant to electric shocks. (rElec)
You are resistant to unholy torment.
You are immune to petrification.


Message History

You block the orc priest's attack. Sigmund hits you but does no damage.
You completely miss Sigmund.
Sigmund is moderately wounded.
You closely miss the bat.
Your chain mail prevents you from hitting the orc.
You completely miss the orc priest. The bat hits you but does no damage.
You block the orc's attack. The orc priest hits you with a +0 whip.
You block the bat's attack. Sigmund hits you with a +0 scythe!
* * * LOW HITPOINT WARNING * * *
You block the orc priest's attack.
It was a potion of curing.
You feel better. The bat hits you. You block the bat's attack.
The orc priest hits you but does no damage.
You feel very mighty all of a sudden. You block the bat's attack.
The orc barely misses you. Sigmund hits you with a +0 scythe.
* * * LOW HITPOINT WARNING * * *
The orc hits you with a +0 falchion.
* * * LOW HITPOINT WARNING * * *
You block the orc priest's attack. The bat closely misses you.
You slash Sigmund!
Sigmund is heavily wounded.
You barely miss the orc priest. You slash the orc!
You kill the orc!
You closely miss the orc. You barely miss the bat. You block the bat's attack.
An orc comes into view. It is wielding a +0 hand axe.
The orc barely misses you.
Sigmund screams, "Only death can liberate you!"
You block Sigmund's attack. You block the ball python's attack.
The ball python grabs you. The ball python constricts you.
The orc priest barely misses you.
The orc moves out of view.
You slash Sigmund!
Sigmund is almost dead.
You hit the bat. You closely miss the orc. You slash the ball python!
You kill the ball python!
You hit the orc priest but do no damage.
The bat barely misses you. You block the bat's attack.
The orc closely misses you. You block the orc priest's attack.
Sigmund barely misses you. The orc hits you with a +0 falchion.
You die...

... .. ..#..
..#..# ..# #...
... .# ..# #.#..
r. ..# ..# ......
##r#..# ..#
...... #@o#..#
...
......##@g...#
...
......#b.o.#.#
... #.
##......###
#.##(.....##
.....#....## .#
....#.....# .#
..........## ##
...##.....####. .
###
...#.....##.....#


You could see Sigmund, an orc priest, an orc, a goblin, a bat and 2 rats.

Vanquished Creatures
  Jessica (D:2)
  2 adders (D:3)
  An ufetubus (D:2)
  2 worms
  A dart slug (D:2)
  2 orcs (D:3)
  3 ball pythons
  A bat (D:3)
  4 endoplasms
  A giant cockroach (D:2)
  A goblin (D:2)
  7 hobgoblins
  5 jackals (D:2)
  8 kobolds
  3 quokkas
  2 frilled lizards
  4 rats
48 creatures vanquished.

Vanquished Creatures (others)
  6 toadstools (D:3)
6 creatures vanquished.

Grand Total: 54 creatures vanquished

Notes
Turn   | Place    | Note
-------+----------+-------------------------------------------
     0 | D:1      | bande the Gargoyle Fighter began the quest for the Orb.
     0 | D:1      | Reached XP level 1. HP: 14/14 MP: 1/1
   149 | D:1      | Reached XP level 2. HP: 17/19 MP: 2/2
   201 | D:1      | Found Diuplyfe's Assorted Antiques.
  1024 | D:2      | Found a faded altar of an unknown god.
  1027 | D:2      | Reached XP level 3. HP: 23/23 MP: 3/3
  1574 | D:2      | Noticed Jessica
  1576 | D:2      | Killed Jessica
  1577 | D:2      | Reached XP level 4. HP: 29/29 MP: 4/4
  2064 | D:3      | Noticed Sigmund
  2072 | D:3      | HP: 1/29 [orc (4)]
  2074 | D:3      | Slain by an orc

Illustrated notes

Levels and vault maps discovered:
D:1:      heliophobic_arrival_henge, layout_loops_ring, serial_shops, shop
D:2:      layout_basic, dreamdust_ecumenical_altar_statues,
          kennysheep_jessica_study, uniq_jessica
D:3:      layout_rooms, gammafunk_temple_overflow_claw,
          minmay_gold_behind_fungi, small_statue_intersection, uniq_sigmund

Skill      XL: |  1  2  3 |
---------------+----------+-----
Axes           | 2 3 |  3.5
Fighting       | |  3.8
Armour         | |  3.9
Shields        | |  3.6

Action                   |  1- 3 |  4- 6 || total
-------------------------+-------+-------++-------
Melee: War axe           |    87 |    50 ||   137
  Use: Scroll            |     4 |     5 ||     9
       Potion            |       |     2 ||     2
Armor: Scale mail        |    15 |       ||    15
       Chain mail        |    16 |    43 ||    59
Dodge: Dodged            |    40 |    24 ||    64
Block: Buckler           |    16 |    24 ||    40

Table legend: (Time is in decaauts)
 A = Elapsed time spent in this place.
 B = Non-inter-level travel time spent in this place.
 C = Inter-level travel time spent in this place.
 D = Time resting spent in this place.
 E = Time spent auto-exploring this place.
 F = Levels seen in this place.
 G = Mean time per level.
                   A        B        C        D        E       F      G
               +--------+--------+--------+--------+--------+-----+--------+
         Total |   2125 |   2027 |     98 |      0 |   1659 |   3 |  708.3 |
       Dungeon |   2125 |   2027 |     98 |      0 |   1659 |   3 |  708.3 |
               +--------+--------+--------+--------+--------+-----+--------+

Top non-repeatable levels by time:
     D:2: 999 daAuts
     D:1: 766 daAuts
     D:3: 359 daAuts
